 Dungeon Crawl Stone Soup version 0.26-a0-665-gefeb406119 (webtiles) character file.

Game seed: 2233644297255270935

8513 zazu2006 the Covert (level 11, -13/94 HPs)
             Began as a Naga Hedge Wizard on Oct 14, 2020.
             Was a Priest of Vehumet.
             Mangled by an ettin
             ... wielding a +0 dire flail
              (21 damage)
             ... on level 1 of the Orcish Mines.
             The game lasted 00:33:37 (11844 turns).

zazu2006 the Covert (Naga Hedge Wizard)            Turns: 11844, Time: 00:33:38

Health: -13/94     AC: 17    Str: 14    XL:     11   Next: 32%
Magic:  2/23       EV: 11    Int: 19    God:    Vehumet [***...]
Gold:   555        SH:  0    Dex: 11    Spells: 17/26 levels left

rFire    . . .     SeeInvis +   P - +1 falchion "Bewniozu" {speed, rN+ Int+3} (curse)
rCold    . . .     Faith    .   (no shield)
rNeg     + . .     Spirit   .   O - +0 troll leather armour
rPois    +         Reflect  .   v - +0 helmet
rElec    .         Harm     .   B - +2 cloak
rCorr    .         Rampage  .   k - +0 pair of gloves
MR       ++...     Rnd*Rage +   (no barding)
Stlth    +++++.....             c - amulet of regeneration
HPRegen  1.05/turn              K - ring of protection from magic
MPRegen  0.18/turn              h - +4 ring of protection

@: very slow
A: large, rugged brown scales 1, see invisible, berserk 1, deformed body, poison
resistance, slowness 2, spit poison 2, AC +3
a: Breathe Poison Gas, Renounce Religion


You were on level 1 of the Orcish Mines.
You worshipped Vehumet.
Vehumet was most pleased with you.
You visited 3 branches of the dungeon, and saw 12 of its levels.

You collected 555 gold pieces.

Inventory:

Hand Weapons
 P - the cursed +1 falchion "Bewniozu" (weapon) {speed, rN+ Int+3}
   (You found it on level 10 of the Dungeon)

   Attacks with this weapon are significantly faster.
   It affects your intelligence (+3).
   It protects you from negative energy.
   It has a curse placed upon it.
Missiles
 A - 7 silver javelins (quivered)
Armour
 d - +0 ice dragon scales
 k - a +0 pair of gloves (worn)
 t - a +0 leather armour
 v - a +0 helmet (worn)
 B - a +2 cloak (worn)
 G - the +2 leather armour of Hide-and-Seek {*Slow rF++}
   (You found it on level 8 of the Dungeon)

   It greatly protects you from fire.
   It may slow you when you take damage.
 O - a +0 troll leather armour (worn)
Jewellery
 c - an amulet of regeneration (around neck)
 h - a +4 ring of protection (right hand)
 i - an uncursed ring of stealth
 y - an uncursed amulet of magic regeneration {unknown}
 F - an uncursed ring of flight
 K - a ring of protection from magic (left hand)
Wands
 a - a wand of polymorph (7)
 x - a wand of disintegration (1)
 C - a wand of flame (38)
 H - a wand of random effects (21)
 I - a wand of digging (7)
Scrolls
 e - 14 scrolls of identify
 g - 3 scrolls of magic mapping
 l - 3 scrolls of noise
 n - 5 scrolls of amnesia
 q - 3 scrolls of remove curse
 r - 3 scrolls of teleportation
 s - 2 scrolls of enchant weapon {unknown}
 w - 3 scrolls of enchant armour
 D - a scroll of fog {unknown}
 J - a scroll of fear {unknown}
Potions
 b - 2 potions of lignification {unknown}
 f - 2 potions of brilliance
 j - 2 potions of mutation
 m - 2 potions of cancellation
 o - a potion of degeneration {unknown}
 p - a potion of stabbing {unknown}
 u - 6 potions of curing
 z - 3 potions of might
 E - 2 potions of berserk rage {unknown}
 L - 2 potions of haste


   Skills:
 + Level 4.3 Fighting
 + Level 0.3 Long Blades
 + Level 4.2 Armour
 + Level 5.1 Dodging
 + Level 12.1 Stealth
 + Level 8.0 Spellcasting
 + Level 6.7 Conjurations
   Level 1.0 Summonings
 + Level 1.2 Translocations
 + Level 1.0 Fire Magic
 + Level 3.6 Air Magic
 + Level 6.7 Poison Magic


You had 17 spell levels left.
You knew the following spells:

 Your Spells              Type           Power        Failure   Level
a - Magic Dart            Conj           ####         1%          1
b - Mephitic Cloud        Conj/Pois/Air  ####....     1%          3
c - Conjure Flame         Conj/Fire      ###.....     1%          3
d - Blink                 Tloc           N/A          10%         2

Your spell library contained the following spells:

 Spells                   Type           Power        Failure   Level
 Stone Arrow              Conj/Erth      ###...       2%          3
 Call Imp                 Summ           ##......     11%         2
 Slow                     Hex            #.......     17%         2


Dungeon Overview and Level Annotations

Branches:
Dungeon (10/15)            Temple (1/1) D:4             Orc (1/2) D:9
   Lair: D:8-11

Altars:
Ashenzari
Cheibriados
Dithmenos
Elyvilon
Fedhas
Gozag
Hepliaklqana
Kikubaaqudgha
Makhleb
Nemelex Xobeh
Okawaru
Qazlal
Ru
Sif Muna
Trog
Uskayaw
Vehumet
Wu Jian
Xom
Yredelemnul
Zin
The Shining One

Annotations:
Orc:1 1 runed translucent door, mandarbmax's ghost, journeyman DrTm


Innate Abilities, Weirdness & Mutations

You cannot wear boots.
Your serpentine skin is tough. (AC +3)
You have supernaturally acute eyesight. (SInv)
Armour fits poorly on your strangely shaped body.
Your system is resistant to poisons. (rPois)
You cover ground very slowly.
You can exhale a cloud of poison.
You are partially covered in rugged brown scales. (AC +1, +3% HP)
You tend to lose your temper in combat.


Message History

The ettin is engulfed in noxious fumes.
The ettin appears confused.
You hit the ettin but do no damage.
The ettin is severely wounded.
The ettin is engulfed in noxious fumes.
The ettin hits you with a +0 dire flail!!
* * * LOW HITPOINT WARNING * * *
The ettin barely misses you.
The ettin is engulfed in noxious fumes.
The ettin appears confused.
The ettin looks more healthy.
Found a stone staircase leading down.
Okay, then.
It was a potion of mutation.
You feel extremely strange.
You feel a little pissed off.
Rugged brown scales grow over part of your body.
There is a nasty taste in your mouth for a moment.
The ettin gestures wildly.
The ettin barely misses you.
You riposte.
You hit the ettin.
The ettin is almost dead.
The ettin hits you with a +1 great mace of protection!!
You die...

##.#....#
##...o# #}|$#
#...<.####.≈.#
####...#.#.≈.#
#).....#.≈.#
##.#...#.≈W#
##.#...##+##
#.........C##
#........o.@#
......###....##
##o... ##..##
#..... ....#
..#........##
$.##.....###
>... #..# ##.


You could see an ettin (confused), an orc wizard (confused) and mandarbmax's
ghost.

Vanquished Creatures
  Harold (D:7)
  2 two-headed ogres
  Pikel (D:8)
  Maurice (D:9)
  Joseph (D:7)
  A kobold demonologist (D:9)
  2 trolls
  A meliai (D:9)
  A slime creature (D:9)
  A wraith (D:10)
  3 wyverns (D:9)
  4 yaks (D:9)
  A water moccasin (D:9)
  4 orc warriors
  An ice beast (D:5)
  A sky beast (D:9)
  2 black bears
  A phantom (D:8)
  An ogre (D:6)
  A centaur (D:9)
  3 lemures (D:8)
  2 big kobolds
  2 bullfrogs
  A gnoll sergeant (D:6)
  3 scorpions
  A water moccasin skeleton (D:8)
  A wight (D:9)
  A quasit (D:9)
  6 jellies
  Crazy Yiuf (D:5)
  A centaur skeleton (D:6)
  3 hounds
  6 bullfrog skeletons
  7 orc priests
  14 orc wizards
  5 iguanas
  Terence (D:3)
  12 worker ants
  A hound zombie (D:5)
  2 hound skeletons
  A howler monkey zombie (D:9)
  Robin (D:3)
  9 gnolls
  5 adders
  A shadow imp (D:5)
  4 white imps
  An ufetubus (D:10)
  3 adder skeletons
  2 adder zombies
  4 dart slugs (D:1)
  3 worms
  5 leopard geckos
  39 orcs
  4 giant cockroaches
  12 goblins
  7 hobgoblins
  9 jackals
  7 quokkas
  A ball python (D:7)
  4 bats
  4 frilled lizards
  18 kobolds
  A quokka zombie (D:5)
  9 rats
258 creatures vanquished.

Vanquished Creatures (others)
  A lemure (D:8)
  7 fungi (D:10)
  27 plants
35 creatures vanquished.

Grand Total: 293 creatures vanquished

Notes
Turn   | Place    | Note
-------+----------+-------------------------------------------
     0 | D:1      | zazu2006 the Naga Hedge Wizard began the quest for the Orb.
     0 | D:1      | Reached XP level 1. HP: 15/15 MP: 4/4
   222 | D:1      | Reached XP level 2. HP: 12/22 MP: 0/6
   767 | D:1      | Reached XP level 3. HP: 28/28 MP: 4/8
   772 | D:1      | Learned a level 3 spell: Mephitic Cloud
   776 | D:1      | Learned a level 3 spell: Conjure Flame
   779 | D:1      | Learned a level 2 spell: Blink
  1388 | D:2      | Found a broken altar of Ashenzari.
  2107 | D:2      | Reached skill level 1 in Poison Magic
  2227 | D:2      | Reached XP level 4. HP: 14/36 MP: 2/9
  2897 | D:2      | Reached XP level 5. HP: 27/43 MP: 8/11
  3008 | D:3      | Found a sparkling altar of Nemelex Xobeh.
  3197 | D:3      | Noticed Robin
  3307 | D:3      | Killed Robin
  3879 | D:3      | Noticed Terence
  3890 | D:3      | Killed Terence
  4243 | D:3      | Reached XP level 6. HP: 50/50 MP: 6/12
  4682 | D:4      | Found a staircase to the Ecumenical Temple.
  4693 | Temple   | Entered the Ecumenical Temple
  4794 | Temple   | Became a worshipper of Vehumet
  5073 | D:4      | Reached skill level 4 in Stealth
  5328 | D:4      | Reached XP level 7. HP: 56/56 MP: 7/14
  5526 | D:5      | Entered Level 5 of the Dungeon
  5565 | D:5      | Reached skill level 1 in Armour
  5624 | D:5      | Reached skill level 1 in Fighting
  5691 | D:5      | Reached skill level 5 in Stealth
  5872 | D:5      | Reached skill level 5 in Spellcasting
  6540 | D:5      | Found a runed translucent door.
  6541 | D:5      | Noticed Crazy Yiuf
  6548 | D:5      | Killed Crazy Yiuf
  6692 | D:6      | Reached XP level 8. HP: 61/67 MP: 11/15
  6797 | D:6      | Reached * piety under Vehumet
  6797 | D:6      | Offered knowledge of Shock by Vehumet.
  6867 | D:6      | Reached skill level 1 in Air Magic
  6980 | D:6      | Reached skill level 6 in Stealth
  7847 | D:7      | Reached skill level 7 in Stealth
  8033 | D:7      | Found a blossoming altar of Fedhas.
  8036 | D:7      | Noticed Joseph
  8040 | D:7      | Noticed Harold
  8069 | D:7      | Killed Joseph
  8069 | D:7      | Reached XP level 9. HP: 56/75 MP: 13/17
  8089 | D:7      | Killed Harold
  8089 | D:7      | Reached skill level 8 in Stealth
  8089 | D:7      | Reached skill level 5 in Poison Magic
  8598 | D:8      | Noticed a troll
  8612 | D:7      | Killed a troll
  8612 | D:7      | Reached skill level 9 in Stealth
  8700 | D:8      | Offered knowledge of Sandblast by Vehumet.
  8754 | D:8      | Reached ** piety under Vehumet
  8951 | D:8      | Noticed a two-headed ogre
  8970 | D:8      | Killed a two-headed ogre
  8970 | D:8      | Reached skill level 5 in Conjurations
  8970 | D:8      | Reached XP level 10. HP: 68/85 MP: 7/20
  9244 | D:8      | Reached skill level 10 in Stealth
  9356 | D:8      | Noticed Pikel
  9390 | D:8      | Killed Pikel
  9766 | D:8      | Offered knowledge of Inner Flame by Vehumet.
  9867 | D:8      | Got a bloodstained leather armour
  9868 | D:8      | Identified the +2 leather armour of Hide-and-Seek {*Slow
                  | rF++} (You found it on level 8 of the Dungeon)
 10038 | D:9      | Noticed Maurice
 10051 | D:9      | Killed Maurice
 10051 | D:9      | Reached skill level 11 in Stealth
 10129 | D:9      | Reached *** piety under Vehumet
 10228 | D:9      | Found a staircase to the Orcish Mines.
 10452 | D:9      | Identified the cursed +0 scale mail "Idethruh" {rPois}
 10477 | D:9      | Offered knowledge of Stone Arrow by Vehumet.
 10567 | D:9      | Noticed a two-headed ogre
 10584 | D:9      | Killed a two-headed ogre
 10584 | D:9      | Reached skill level 5 in Dodging
 10584 | D:9      | Reached skill level 1 in Fire Magic
 10584 | D:9      | Reached XP level 11. HP: 60/92 MP: 19/22
 10719 | D:9      | Identified the +8 spear of Distant Worlds {vorpal, rPois
                  | MR++ Str-5}
 10842 | D:9      | Reached skill level 12 in Stealth
 11562 | D:10     | Entered Level 10 of the Dungeon
 11610 | D:10     | Got a bloodstained falchion
 11611 | D:10     | Identified the cursed +1 falchion "Bewniozu" {speed, rN+
                  | Int+3} (You found it on level 10 of the Dungeon)
 11802 | Orc:1    | Entered Level 1 of the Orcish Mines
 11802 | Orc:1    | Noticed an ettin
 11805 | Orc:1    | Found a runed translucent door.
 11805 | Orc:1    | Noticed mandarbmax's ghost (journeyman DrTm)
 11840 | Orc:1    | HP: 2/92 [ettin/+0 dire flail (20)]
 11844 | Orc:1    | Gained mutation: You tend to lose your temper in combat.
                  | [potion of mutation]
 11844 | Orc:1    | Gained mutation: You are partially covered in rugged brown
                  | scales. (AC +1, +3% HP) [potion of mutation]
 11844 | Orc:1    | Gained mutation: You can exhale a cloud of poison. [potion
                  | of mutation]
 11844 | Orc:1    | Mangled by an ettin

Illustrated notes

Levels and vault maps discovered:
D:1:      dpeg_arrival_simpleton_b, layout_basic, chequers_decorated_corner,
          chequers_serial_rivers_small_b
D:2:      layout_loops_corners, evilmike_ruin_ashenzari
D:3:      layout_loops_ring, nemelex_xobeh_ov_fountains_minmay, uniq_robin,
          uniq_terence
D:4:      layout_cave_pools, minmay_temple_entry_antechambers
D:5:      layout_loops_cross, uniq_crazy_yiuf_cottage
D:6:      layout_loops_corners, grunt_ministairs_1
D:7:      layout_basic, basic_altar, uniq_joseph, uniq_harold
D:8:      layout_gridville, uniq_pikel
D:9:      minmay_the_grid_3x2 [minmay_the_grid_box_x, minmay_the_grid_garden,
          minmay_the_grid_all_tris, minmay_the_grid_pillar_ring,
          minmay_the_grid_broken_lines, minmay_the_grid_prize_inner_circle],
          layout_basic, david_orc_3, uniq_maurice
D:10:     layout_roguey, minmay_lair_entry_grove
Temple:   kilobyte_greek_temple
Orc:1:    nicolae_orc_accident_1, layout_diamond_mine,
          ebering_ghost_reflecting_pool, enter_volcano_3

Skill      XL: |  1  2  3  4  5  6  7  8  9 10 11 |
---------------+----------------------------------+-----
Poison Magic   | 1 2 3 4 5 6 |  6.7
Conjurations   | 2 3 4 5 6 |  6.7
Spellcasting   | 4 5 6 7 8 |  8.0
Dodging        | 2 3 4 5 |  5.1
Stealth        | 4 5 7 9 11 12 | 12.1
Armour         | 1 3 4 |  4.2
Fighting       | 2 3 4 |  4.3
Air Magic      | 2 3 |  3.6
Fire Magic     | 1 |  1.0
Long Blades    | |  0.3
Summonings     | |  1.0
Translocations | |  1.2

Action                   |  1- 3 |  4- 6 |  7- 9 | 10-12 || total
-------------------------+-------+-------+-------+-------++-------
Melee: Dagger            |    15 |    80 |   307 |   411 ||   813
       Falchion          |       |       |       |    34 ||    34
       Long sword        |       |       |       |     9 ||     9
Throw: Javelin           |       |       |     4 |       ||     4
 Cast: Magic Dart        |    54 |   103 |    89 |    83 ||   329
       Mephitic Cloud    |     1 |    10 |    24 |    48 ||    83
       Conjure Flame     |       |       |     4 |     7 ||    11
       Blink             |       |       |     1 |     5 ||     6
 Abil: Spit Poison       |    12 |    37 |    29 |    23 ||   101
Evoke: Wand              |       |       |       |     6 ||     6
  Use: Potion            |     3 |       |       |     4 ||     7
       Scroll            |       |       |     6 |     1 ||     7
 Stab: Sleeping          |     2 |     3 |    11 |     4 ||    20
       Confused          |       |     6 |    15 |    34 ||    55
       Distracted        |       |       |       |     1 ||     1
Armor: Robe              |     2 |     9 |       |       ||    11
       Leather armour    |       |    27 |   122 |   139 ||   288
       Troll leather arm |       |       |       |    13 ||    13
Dodge: Dodged            |    16 |    73 |   129 |   212 ||   430
       Rpst.: Falchion   |       |       |       |     5 ||     5
       Long sword        |       |       |       |     2 ||     2

Table legend: (Time is in decaauts)
 A = Elapsed time spent in this place.
 B = Non-inter-level travel time spent in this place.
 C = Inter-level travel time spent in this place.
 D = Time resting spent in this place.
 E = Time spent auto-exploring this place.
 F = Levels seen in this place.
 G = Mean time per level.
                   A        B        C        D        E       F      G
               +--------+--------+--------+--------+--------+-----+--------+
         Total |  14122 |  13668 |    454 |   1336 |   9297 |  12 | 1176.8 |
       Dungeon |  13883 |  13483 |    400 |   1336 |   9170 |  10 | 1388.3 |
        Temple |    194 |    141 |     53 |      0 |    127 |   1 |  194.0 |
  Orcish Mines |     45 |     45 |      0 |      0 |      0 |   1 |   45.0 |
               +--------+--------+--------+--------+--------+-----+--------+

Top non-repeatable levels by time:
     D:2: 2070 daAuts
     D:9: 1990 daAuts
     D:3: 1803 daAuts
     D:6: 1433 daAuts
     D:8: 1421 daAuts
     D:1: 1396 daAuts
     D:5: 1307 daAuts
     D:7: 1121 daAuts
     D:4: 1089 daAuts
    D:10: 249 daAuts
  Temple: 194 daAuts
   Orc:1: 45 daAuts
